 Dungeon Crawl Stone Soup version 0.30-a0-12-gd8047c6341 (console) character file.

Game seed: 7060338797987235096

1299 jejorda2 the Spear-Bearer (level 8, -9/96 HPs)
             Began as a Merfolk Berserker on Aug 23, 2022.
             Was a Priest of Trog.
             Mangled by Pikel
             ... wielding a +2 whip of electrocution
              (11 damage)
             ... on level 5 of the Dungeon.
             The game lasted 00:08:55 (4636 turns).

jejorda2 the Spear-Bearer (Merfolk Berserker)       Turns: 4636, Time: 00:08:56

Health: -9/96      AC: 13    Str: 19    XL:     8   Next: 57%
Magic:  8/8        EV:  8    Int:  7    God:    Trog [***...]
Gold:   112        SH:  0    Dex: 13    Spells: 7/7 levels left

rFire   + . .      SeeInvis .    a - +1 halberd
rCold   . . .      Faith    +    (shield currently unavailable)
rNeg    . . .      Spirit   .    u - +2 chain mail {Will+}
rPois   .          Reflect  .    (no helmet)
rElec   .          Harm     .    p - +0 cloak
rCorr   .          Rampage  .    (no gloves)
Will    +....                    w - +0 pair of boots
Stlth   ..........               k - amulet of faith
HPRegen 0.26/turn                i - ring of protection from fire
MPRegen 0.11/turn                (no ring)

@: berserking (expiring), very quick
A: (nimble swimmer 2), mertail
a: Renounce Religion, Berserk, Trog's Hand


You were on level 5 of the Dungeon.
You worshipped Trog.
Trog was most pleased with you.
You visited 1 branch of the dungeon, and saw 5 of its levels.

You collected 262 gold pieces.
You spent 150 gold pieces at shops.

Inventory:

Hand Weapons
 a - a +1 halberd (weapon)
 b - a +0 spear
Missiles
 c - 6 atropa-tipped darts
 d - 59 stones (quivered)
 j - 2 poisoned darts
Armour
 p - a +0 cloak (worn)
 u - a +2 chain mail of willpower (worn)
 w - a +0 pair of boots (worn)
Jewellery
 i - a ring of protection from fire (left hand)
 k - an amulet of faith (around neck)
Wands
 h - a wand of digging (8)
Scrolls
 e - a scroll of butterflies
 f - 2 scrolls of teleportation
 g - a scroll of fear
 m - a scroll of magic mapping {unknown}
 t - a scroll of acquirement {unknown}
 v - a scroll of identify
Potions
 l - 2 potions of haste {unknown}
 n - 3 potions of heal wounds
 o - a potion of lignification
 q - 2 potions of ambrosia {unknown}
 r - a potion of resistance
 s - a potion of mutation {unknown}
 x - 2 potions of curing {unknown}
 z - a potion of flight {unknown}
 A - a potion of attraction {unknown}


   Skills:
 - Level 6.0 Fighting
 * Level 10.4 Polearms
 + Level 4.1 Armour
 - Level 2.6 Dodging


You had 7 spell levels left.
You didn't know any spells.
Your spell library was empty.

Dungeon Overview and Level Annotations

Branches:
Dungeon (5/15)
 Temple: D:4-7

Altars:
Gozag
Kikubaaqudgha
Wu Jian

Shops:
D:2 [

Annotations:
D:5 Pikel


Innate Abilities, Weirdness & Mutations

((You are very nimble when in or above water. (Stealth+, EV+, Speed+++)))
Your lower body shifts to a powerful aquatic tail in water.


Message History

A red film seems to cover your vision as you go berserk!
You feel yourself moving faster!
You feel mighty!
Pikel drinks a potion.
Pikel goes berserk!
You barely miss Pikel.
Pikel is moderately wounded.
Pikel hits you with a +2 whip of electrocution.
You closely miss Pikel.
Pikel is moderately wounded.
Pikel hits you with a +2 whip of electrocution.
You are electrocuted!
You barely miss Pikel.
Pikel is moderately wounded.
Pikel hits you with a +2 whip of electrocution!
You are electrocuted!
You barely miss Pikel.
Pikel is moderately wounded.
Pikel hits you with a +2 whip of electrocution.
You closely miss Pikel.
Pikel is moderately wounded.
Pikel hits you with a +2 whip of electrocution.
You barely miss Pikel.
Pikel is moderately wounded.
You hit Pikel.
Pikel is moderately wounded.
Pikel hits you with a +2 whip of electrocution. x2
You closely miss Pikel.
Pikel is moderately wounded.
Pikel hits you but does no damage.
You are electrocuted!!
* * * LOW HITPOINT WARNING * * *
You closely miss Pikel.
Pikel is moderately wounded.
Pikel closely misses you.
You impale Pikel!!
Pikel is severely wounded.
Pikel hits you with a +2 whip of electrocution!
* * * LOW HITPOINT WARNING * * *
You hit Pikel.
Pikel is severely wounded.
Pikel hits you with a +2 whip of electrocution!
You die...

.......##.....# ...
####..........#.. 5.
..............#.# ##5#
####..........#.# #.5# #
#....#.......# ##K#
#....#......## ###..#
####..........## #...##
...#####....[.#######.#####
...# ##.......@K5.......#
|..#####..##..####5.##....#
##.#.....###..............#
##.[)[...# ##.............#
####[....# #.............#
# #.....# #.............# #
#.....# #.............# #
#.....# ##########....# ##
#####.# #....#


You could see Pikel (berserk) and 2 lemures.

Vanquished Creatures
  Grinder (D:5)
  Menkaure (D:5)
  2 ice beasts (D:5)
  An orc warrior (D:5)
  3 phantoms
  2 hounds (D:5)
  A jelly (D:5)
  Jessica (D:2)
  2 iguanas
  3 orc wizards
  Natasha (thrice) (D:2)
  4 gnolls (D:2)
  5 adders
  2 worms
  2 dart slugs
  6 orcs
  4 ball pythons
  8 bats
  11 endoplasms
  5 giant cockroaches
  4 goblins
  4 hobgoblins
  4 jackals (D:1)
  7 kobolds (D:1)
  4 quokkas
  3 frilled lizards (D:1)
  6 rats
99 creatures vanquished.

Vanquished Creatures (others)
  5 plants (D:1)
5 creatures vanquished.

Grand Total: 104 creatures vanquished

Notes
Turn   | Place    | Note
-------+----------+-------------------------------------------
     0 | D:1      | jejorda2 the Merfolk Berserker began the quest for the Orb.
     0 | D:1      | Reached XP level 1. HP: 18/18 MP: 1/1
   259 | D:1      | Reached XP level 2. HP: 22/24 MP: 2/2
   638 | D:1      | Reached XP level 3. HP: 29/29 MP: 3/3
   816 | D:1      | Reached ** piety under Trog
  1050 | D:1      | Reached skill level 5 in Polearms
  1481 | D:2      | Found Jucvax's Antique Armour Shoppe.
  1644 | D:2      | Noticed Natasha
  1655 | D:2      | Reached XP level 4. HP: 33/37 MP: 4/4
  1660 | D:2      | Killed Natasha
  1767 | D:2      | Reached XP level 5. HP: 40/42 MP: 5/5
  1784 | D:2      | Noticed Natasha
  1797 | D:2      | Killed Natasha
  1798 | D:2      | Reached skill level 6 in Polearms
  1964 | D:2      | Noticed Natasha
  1975 | D:2      | Killed Natasha
  2339 | D:2      | Noticed Jessica
  2345 | D:2      | Killed Jessica
  2558 | D:3      | Reached *** piety under Trog
  2576 | D:3      | Reached XP level 6. HP: 49/49 MP: 6/6
  2762 | D:3      | Found an opulent altar of Gozag.
  2780 | D:3      | Found a faded altar of an unknown god.
  3265 | D:2      | Bought a glowing chain mail for 150 gold pieces
  3477 | D:4      | Reached skill level 7 in Polearms
  3573 | D:4      | Found an ancient bone altar of Kikubaaqudgha.
  3925 | D:5      | Entered Level 5 of the Dungeon
  3969 | D:5      | Noticed an orc warrior
  3979 | D:5      | Killed an orc warrior
  3980 | D:5      | Reached skill level 5 in Fighting
  3980 | D:5      | Reached XP level 7. HP: 56/56 MP: 7/7
  3992 | D:5      | Reached skill level 8 in Polearms
  4227 | D:5      | Reached skill level 9 in Polearms
  4227 | D:5      | Reached XP level 8. HP: 22/64 MP: 8/8
  4228 | D:5      | Noticed Menkaure
  4236 | D:5      | Killed Menkaure
  4426 | D:5      | Found an ornate altar of the Wu Jian Council.
  4507 | D:5      | Noticed Grinder
  4515 | D:5      | Killed Grinder
  4516 | D:5      | Reached skill level 10 in Polearms
  4608 | D:5      | Noticed Pikel
  4635 | D:5      | HP: 2/96 [Pikel/+2 whip of electrocution (11)]
  4636 | D:5      | Mangled by Pikel

Illustrated notes

Levels and vault maps discovered:
D:1:      minmay_arrival_floating_metal, layout_loops_ring,
          lexackson_kobold_supper
D:2:      layout_loops_ring, serial_shops, shop_fountains, nicolae_titane,
          uniq_jessica, uniq_natasha
D:3:      layout_basic, mainiacjoe_overflow_24_doors,
          ebering_ecumenical_altar_sacrificial
D:4:      layout_cave_pools, kiku_gazebo_garden_becter, serial_park,
          serial_park_tiny_1, serial_park_tiny_pond, serial_park_tiny_2,
          serial_park_square2
D:5:      layout_rooms, mainiacjoe_overflow_paths, uniq_grinder, uniq_menkaure,
          uniq_pikel

Skill      XL: |  1  2  3  4  5  6  7  8 |
---------------+-------------------------+-----
Polearms       | 5 6 7 9 10 | 10.4
Fighting       | 4 5 6 |  6.0
Armour         | 2 3 4 |  4.1
Dodging        | |  2.6

Action                   |  1- 3 |  4- 6 |  7- 9 || total
-------------------------+-------+-------+-------++-------
Melee: Spear             |   151 |    13 |       ||   164
       Halberd           |       |   147 |   105 ||   252
Throw: Stone             |     2 |       |       ||     2
Invok: Berserk           |     2 |     1 |     3 ||     6
       Trog's Hand       |     1 |       |     3 ||     4
  Use: Scroll            |       |    11 |       ||    11
 Stab: Sleeping          |     1 |       |       ||     1
Armor: Animal skin       |    16 |       |       ||    16
       Plate armour      |     1 |    50 |       ||    51
       Chain mail        |       |    25 |    40 ||    65
Dodge: Dodged            |    61 |    41 |    27 ||   129

Table legend: (Time is in decaauts)
 A = Elapsed time spent in this place.
 B = Non-inter-level travel time spent in this place.
 C = Inter-level travel time spent in this place.
 D = Time resting spent in this place.
 E = Time spent auto-exploring this place.
 F = Levels seen in this place.
 G = Mean time per level.
                   A        B        C        D        E       F      G
               +--------+--------+--------+--------+--------+-----+--------+
         Total |   4675 |   4479 |    196 |    167 |   3444 |   5 |  935.0 |
       Dungeon |   4675 |   4479 |    196 |    167 |   3444 |   5 |  935.0 |
               +--------+--------+--------+--------+--------+-----+--------+

Top non-repeatable levels by time:
     D:1: 1449 daAuts
     D:2: 1131 daAuts
     D:3: 867 daAuts
     D:4: 647 daAuts
     D:5: 578 daAuts
